 Dungeon Crawl Stone Soup version 0.25.1-4-g9407a263a5 (webtiles) character file.

Game seed: 11293513599648891772

9918 Gabide the Basher (level 11, -7/84 HPs)
             Began as a Human Fighter on Nov 28, 2020.
             Was a High Priest of Zin.
             Killed from afar by Josephine (24 damage)
             ... with a ghostly fireball
             ... on level 11 of the Dungeon.
             The game lasted 00:55:00 (15745 turns).

Gabide the Basher (Human Fighter)                  Turns: 15745, Time: 00:55:01

Health: -7/84      AC: 16    Str: 27    XL:     11   Next: 83%
Magic:  15/15      EV: 22    Int: 10    God:    Zin [*****.]
Gold:   98         SH:  0    Dex: 13    Spells: 10/10 levels left

rFire    . . .     SeeInvis .   o - +2 glaive (freeze)
rCold    . . .     Gourm    .   (shield currently unavailable)
rNeg     . . .     Faith    .   g - +0 plate armour
rPois    ∞         Spirit   .   k - +0 helmet
rElec    .         Reflect  .   v - +1 cloak
rCorr    .         Harm     .   l - +0 pair of gloves
MR       .....                  (no boots)
Stlth    ..........             s - amulet of the acrobat
HPRegen  0.24/turn              C - +6 ring of strength
MPRegen  0.14/turn              (no ring)

@: vitalised, acrobat, slowed, studying Polearms, very heavily drained, very
slow
A: no striking features
a: Recite, Vitalisation, Imprison, Sanctuary, Donate Gold, Renounce Religion


You were on level 11 of the Dungeon.
You worshipped Zin.
Zin was extremely pleased with you.
You were not hungry.

You visited 1 branch of the dungeon, and saw 12 of its levels.

You collected 700 gold pieces.
You donated 602 gold pieces to Zin.

Inventory:

Hand Weapons
 a - a +0 trident
 d - a +4 vorpal flail
 o - a +2 glaive of freezing (weapon)
 D - a +0 vorpal fustibalus
 H - a +1 vorpal dire flail
Missiles
 i - 12 boomerangs
 G - a silver javelin (quivered)
Armour
 c - a +0 kite shield
 g - a +0 plate armour (worn)
 k - a +0 helmet (worn)
 l - a +0 pair of gloves (worn)
 v - a +1 cloak (worn)
Jewellery
 j - an uncursed ring of protection from magic {unknown}
 s - an amulet of the acrobat (around neck)
 C - a +6 ring of strength (left hand)
Wands
 n - a wand of paralysis (10)
 u - a wand of digging (4)
 z - a wand of enslavement (3)
 J - a wand of flame (48)
Scrolls
 h - 12 scrolls of remove curse
 q - 2 scrolls of amnesia
 y - a scroll of vulnerability
Potions
 e - a potion of cancellation
 r - 5 potions of curing
 t - 3 potions of flight
 w - 3 potions of magic
 F - a potion of brilliance {unknown}
Books
 b - a manual of Polearms
Comestibles
 f - 12 rations


   Skills:
 * Level 7.4(3.3) Fighting
 - Level 11.2(6.6) Maces & Flails
 * Level 9.7(5.4) Polearms
 + Level 7.6(3.5) Armour
 + Level 1.2(0.0) Dodging
 - Level 5.1(1.2) Shields
 + Level 5.6(1.7) Invocations


You had 10 spell levels left.
You didn't know any spells.
Your spell library contained the following spells:

 Spells                   Type           Power        Failure   Level  Hunger
 Corona                   Hex            #......      99%         1    ##.....
 Foxfire                  Conj/Fire      #...         99%         1    ##.....
 Sandblast                Erth           #.....       99%         1    ##.....
 Shock                    Conj/Air       #...         99%         1    ##.....
 Ensorcelled Hibernation  Hex/Ice        #.....       100%        2    ###....
 Passwall                 Tmut/Erth      #.......     100%        2    ###....
 Swiftness                Chrm/Air       #.......     100%        2    ###....
 Confusing Touch          Hex            #.......     100%        3    ####...
 Conjure Flame            Conj/Fire      #.......     100%        3    ####...
 Dazzling Flash           Conj/Hex       #.....       100%        3    ####...
 Inner Flame              Hex/Fire       #.......     100%        3    ####...
 Static Discharge         Conj/Air       #.......     100%        3    ####...
 Stone Arrow              Conj/Erth      #.....       100%        3    ####...
 Tukima's Dance           Hex            #.......     100%        3    ####...
 Airstrike                Air            #.........   100%        4    #####..
 Petrify                  Tmut/Erth      #.......     100%        4    #####..
 Sticky Flame             Conj/Fire      #.......     100%        4    #####..
 Bolt of Magma            Conj/Fire/Erth #.........   100%        5    ######.
 Fireball                 Conj/Fire      #.........   100%        5    ######.
 Iskenderun's Battlesphe  Conj/Chrm      #.......     100%        5    ######.
 Lee's Rapid Deconstruct  Erth           #.........   100%        5    ######.
 Lightning Bolt           Conj/Air       #.........   100%        5    ######.
 Iron Shot                Conj/Erth      #.........   100%        6    #######
 Orb of Destruction       Conj           #.........   100%        7    #######
 Spellforged Servitor     Conj/Summ      #.........   100%        7    #######


Dungeon Overview and Level Annotations

Branches:
Dungeon (12/15)            Temple (0/1) D:4            Lair (0/6) D:8
    Orc: D:9-12

Altars:
Elyvilon
Fedhas
Hepliaklqana
Nemelex Xobeh
Okawaru
Qazlal
Trog
Uskayaw
Wu Jian
Zin

Shops:
D:9 =

Annotations:
D:7 2 runed translucent doors
D:10 Fannar
D:11 Josephine


Message History

You feel better. Something hits you but does no damage.
The wraith hits something but does no damage.
Something hits your hippogriff!
You closely miss something. The wraith hits your hippogriff!
The wraith closely misses something.
Your hippogriff bites the wraith.
Your hippogriff closely misses the wraith. x2
You hear some strange, mumbled words.
A ghostly fireball appears from out of thin air!
The ghostly flame explodes!
The ghostly fireball engulfs you!
You feel drained.
* * * LOW HITPOINT WARNING * * *
The ghostly fireball engulfs your hippogriff!!!
Your hippogriff is drained!
Your hippogriff dies!
The ghostly fireball engulfs something.
The wraith barely misses something.
Something completely misses you.
You hear some strange, mumbled words.
A ghostly fireball appears from out of thin air!
The ghostly flame explodes!
The ghostly fireball engulfs you!!
You feel drained.
You die...

.......^...###..'....#.#.....#...
.###########.#..#....#.#######...
.'...........#..#....#...........
.##..........#..#....#...........
..#..........#..#....#...........
..#..........#..######...........
..#'########'#.............######
...........)..W............#.....
####.....K.W..{.@..........#.....
..'....#########..........'.....
..#..W. #..........#..... #....
#..........#..... #....
#..........###### #....
#................ #....
#................ #..##
#################


You could see 2 wraiths and a kobold (confused).

Vanquished Creatures
  A death knight (D:7)
  A two-headed ogre (D:8)
  Nergalle (D:10)
  A troll (D:11)
  A vampire (D:11)
  Edmund (D:6)
  A water moccasin (D:8)
  2 porcupines (D:8)
  A hornet zombie (D:10)
  3 orc warriors
  2 phantoms
  3 sky beasts
  4 black bears
  5 ice beasts
  7 ogres
  An eye of draining (D:9)
  10 centaurs
  3 big kobolds
  9 bullfrogs
  2 gnoll sergeants
  2 water moccasin zombies
  2 wyvern skeletons
  4 scorpions
  4 killer bees (D:8)
  11 wights
  2 howler monkeys
  8 crimson imps
  2 centaur zombies
  9 jellies
  2 bullfrog skeletons
  A gnoll shaman (D:9)
  8 orc wizards
  5 hounds
  9 orc priests
  3 iguanas
  13 worker ants
  A killer bee zombie (D:8)
  A hound zombie (D:7)
  2 worker ant zombies
  11 adders
  15 gnolls
  3 shadow imps
  7 oozes
  4 adder skeletons
  An adder zombie (D:7)
  6 worms
  2 dart slugs
  7 leopard geckos
  29 orcs
  4 bats
  5 giant cockroaches
  7 goblins
  4 hobgoblins
  9 jackals
  4 quokkas
  4 ball pythons
  5 frilled lizards
  17 kobolds
  A leopard gecko skeleton (D:7)
  A quokka zombie (D:7)
  9 rats
  A plant (D:8)
304 creatures vanquished.

Vanquished Creatures (others)
  A hippogriff (D:11)
  A quokka (D:8)
  27 fungi (D:8)
  3 plants (D:8)
32 creatures vanquished.

Grand Total: 336 creatures vanquished

Notes
Turn   | Place    | Note
-------+----------+-------------------------------------------
     0 | D:1      | Gabide the Human Fighter began the quest for the Orb.
     0 | D:1      | Reached XP level 1. HP: 18/18 MP: 1/1
   304 | D:1      | Reached XP level 2. HP: 24/24 MP: 2/2
  1005 | D:2      | Reached XP level 3. HP: 24/29 MP: 3/3
  1022 | D:2      | HP: 1/29 [gnoll/+2 vorpal flail (1)]
  1373 | D:2      | Reached XP level 4. HP: 35/35 MP: 4/4
  1385 | D:2      | Found a glowing silver altar of Zin.
  1389 | D:2      | Became a worshipper of Zin the Law-Giver
  1997 | D:2      | Reached skill level 1 in Maces & Flails
  2422 | D:3      | Reached XP level 5. HP: 41/41 MP: 5/5
  2428 | D:3      | Reached * piety under Zin
  2777 | D:3      | Reached skill level 2 in Maces & Flails
  3100 | D:3      | Reached skill level 3 in Maces & Flails
  3100 | D:3      | Reached XP level 6. HP: 31/47 MP: 6/6
  3807 | D:4      | Reached ** piety under Zin
  3885 | D:4      | Found a stormy altar of Qazlal.
  3926 | D:4      | Found a blossoming altar of Fedhas.
  4200 | D:4      | Reached skill level 4 in Maces & Flails
  4200 | D:4      | Reached XP level 7. HP: 49/52 MP: 7/7
  4217 | D:4      | Found a staircase to the Ecumenical Temple.
  4229 | D:4      | Donated 86 gold pieces to Zin
  4608 | D:4      | Donated 47 gold pieces to Zin
  4791 | D:4      | Reached *** piety under Zin
  4910 | D:5      | Entered Level 5 of the Dungeon
  5132 | D:5      | Donated 45 gold pieces to Zin
  5221 | D:5      | Got a fading leather armour
  5222 | D:5      | Identified the +3 leather armour of Gestures {rPois} (You
                  | found it on level 5 of the Dungeon)
  5235 | D:5      | Found an ornate altar of the Wu Jian Council.
  5277 | D:5      | Reached skill level 5 in Maces & Flails
  5359 | D:5      | Reached XP level 8. HP: 53/60 MP: 8/8
  5559 | D:5      | Found an iron altar of Okawaru.
  5715 | D:6      | Reached skill level 5 in Armour
  5719 | D:6      | Reached skill level 6 in Maces & Flails
  5719 | D:6      | Reached skill level 1 in Invocations
  5743 | D:6      | Donated 44 gold pieces to Zin
  6028 | D:6      | Reached skill level 7 in Maces & Flails
  6166 | D:6      | Reached XP level 9. HP: 55/66 MP: 10/10
  6406 | D:6      | Reached skill level 5 in Fighting
  6642 | D:6      | Noticed Edmund
  6646 | D:6      | Reached skill level 8 in Maces & Flails
  6658 | D:6      | Killed Edmund
  7012 | D:7      | Found a hazy altar of Hepliaklqana.
  7222 | D:7      | Reached skill level 5 in Shields
  7262 | D:7      | Found a large runed translucent door.
  7263 | D:7      | Found a large runed translucent door.
  7277 | D:7      | Found a large runed translucent door.
  7277 | D:7      | Found a large runed translucent door.
  7484 | D:7      | Reached **** piety under Zin
  7751 | D:7      | Reached XP level 10. HP: 75/75 MP: 12/12
  8004 | D:7      | Reached skill level 5 in Polearms
  8408 | D:7      | Noticed a death knight
  8815 | D:7      | Donated 76 gold pieces to Zin
  9079 | D:8      | Noticed a two-headed ogre
  9091 | D:8      | Killed a two-headed ogre
  9167 | D:8      | Reached skill level 9 in Maces & Flails
  9507 | D:8      | Found a staircase to the Lair.
  9885 | D:8      | Reached skill level 10 in Maces & Flails
  9992 | D:8      | Reached XP level 11. HP: 82/83 MP: 14/14
 10101 | D:8      | Found a white marble altar of Elyvilon.
 10502 | D:8      | Noticed a +0 hand axe
 10502 | D:8      | Noticed a +0 dagger
 10506 | D:8      | Found a hide-covered altar of Uskayaw.
 10580 | D:8      | Donated 70 gold pieces to Zin
 10994 | D:7      | Killed a death knight
 11133 | D:7      | Donated 35 gold pieces to Zin
 11160 | D:9      | Found a bloodstained altar of Trog.
 11217 | D:9      | Found Kowechae's Jewellery Boutique.
 11235 | D:9      | Found a sparkling altar of Nemelex Xobeh.
 11259 | D:9      | Reached skill level 11 in Maces & Flails
 11264 | D:9      | Reached skill level 5 in Invocations
 11614 | D:9      | Reached ***** piety under Zin
 12075 | D:10     | Entered Level 10 of the Dungeon
 12639 | D:10     | Noticed Nergalle
 12674 | D:10     | Killed Nergalle
 13078 | D:10     | Noticed Fannar
 13587 | D:10     | Donated 73 gold pieces to Zin
 13675 | D:11     | Reached skill level 1 in Dodging
 14044 | D:11     | Donated 56 gold pieces to Zin
 15333 | D:11     | Noticed a manticore
 15712 | D:11     | Noticed Josephine
 15745 | D:11     | Killed from afar by Josephine

Illustrated notes

Levels and vault maps discovered:
D:1:      grunt_arrival_lava_bath, layout_loops_ring, roderic_malta_cross
D:2:      layout_loops_ring, zin_treasury, first_ration
D:3:      layout_loops_ring
D:4:      layout_loops_corners, grunt_temple_overflow_forces_of_nature,
          minmay_temple_entry_steel_oval, minmay_joined_circles
D:5:      layout_loops_ring, lemuel_doored_altar, basic_altar
D:6:      layout_basic, uniq_edmund
D:7:      layout_basic, lemuel_crystal_altar, minmay_hollow_rounded_squares
D:8:      layout_basic, elyvilon_altar_4, dancing_weapons_uskayaw,
          due_lair_maze_entry_diamond, hangedman_little_slice_of_home
D:9:      layout_loops_ring, nemelex_xobeh_ov_fountains_minmay,
          trog_eyes_of_draining, serial_shops, shop,
          chequers_serial_rivers_micro_a
D:10:     wad_crossroads, layout_cave_pods, uniq_fannar, uniq_nergalle
D:11:     layout_irregular_city, erik_orc_1, water_boxes_lemuel, uniq_josephine
D:12:     layout_basic, serial_shops, shop, nicolae_ashenzari_panopticon

Skill      XL: |  1  2  3  4  5  6  7  8  9 10 11 |
---------------+----------------------------------+-----
Maces & Flails | 1 3 4 5 7 8 10 11 | 11.2
Armour         | 4 5 6 7 |  7.6
Shields        | 4 5 |  5.1
Fighting       | 4 5 6 7 |  7.4
Invocations    | 2 3 4 5 |  5.6
Polearms       | 4 8 9 |  9.7
Dodging        | 1 |  1.2

Action                   |  1- 3 |  4- 6 |  7- 9 | 10-12 || total
-------------------------+-------+-------+-------+-------++-------
Melee: Trident           |    91 |       |       |       ||    91
       Flail             |     3 |   143 |   288 |       ||   434
       Glaive            |       |       |    21 |   236 ||   257
       Dire flail        |       |       |       |   429 ||   429
Throw: Boomerang         |     5 |       |    17 |       ||    22
       Javelin           |       |       |       |    20 ||    20
Invok: Recite            |       |     1 |    15 |    29 ||    45
       Donate Gold       |       |       |     4 |     5 ||     9
       Vitalisation      |       |       |       |     6 ||     6
       Imprison          |       |       |       |     1 ||     1
Evoke: Wand              |       |       |       |     2 ||     2
  Use: Scroll            |     4 |     4 |    13 |    14 ||    35
       Potion            |     1 |     4 |       |    14 ||    19
 Stab: Invisible         |       |       |     1 |       ||     1
       Confused          |       |       |       |     4 ||     4
  Eat: Chunk             |     1 |     7 |     4 |     8 ||    20
       Ration            |       |     1 |     2 |     6 ||     9
Armor: Scale mail        |    27 |    10 |       |       ||    37
       Plate armour      |       |    60 |   142 |   540 ||   742
Dodge: Dodged            |    26 |    33 |    42 |   336 ||   437
Block: Kite shield       |    32 |    66 |   137 |       ||   235
